Rangers vs Penguins

Created - October 18, 2016 at 17:00

Goals
1 2 3 T
Rangers 2 0 0 2
Penguins 1 3 0 4
Shots
1 2 3 T
Rangers 6 4 5 15
Penguins 12 16 6 34

1st period

1. Rangers , Matt Calvert 3 (Tyler Ennis) at 2:41
2. Penguins , Alexander Wennberg 1 (Jakub Voracek, Mark Giordano) at 3:12
3. Rangers , Matt Calvert 4 (Mikael Backlund, Fredrik Claesson) at 16:19

Penalties :
Chris Tanev (NYR) for Holding (Minor) at 11:58

2nd period

4. Penguins , Mike Cammalleri 1 (Victor Hedman, Jakub Voracek) at 2:03 (PP)
5. Penguins , Nathan MacKinnon 4 (Gabriel Landeskog, Dmitry Kulikov) at 6:41
6. Penguins , Gabriel Landeskog 3 (Ryan Suter, Matt Hunwick) at 18:15 (PP)

Penalties :
Tomas Tatar (NYR) for Hooking (Minor) at 0:16, Alex Goligoski (NYR) for Holding (Minor) at 15:32, Mark Letestu (NYR) for High sticking (Minor) at 16:36

3rd period

No Goal

Penalties :
Victor Hedman (PIT) for Tripping (Minor) at 6:05, Matt Hunwick (PIT) for Hooking (Minor) at 10:32, Matt Hunwick (PIT) for Slashing (Minor) at 15:32

Goalie Stats

Brian Elliott (NYR), 30 saves from 34 shots - (0.882), L, 2-3-0, 60:00 minutes
Louis Domingue (PIT), 13 saves from 15 shots - (0.867), W, 3-1-0, 60:00 minutes

Players Stats for Rangers

Player Name              G  A  P  +/- PIM S  H  SB GA TA FO     MP     PP MP  PK MP  
------------------------------------------------------------------------------------
Alex Goligoski           0  0  0   0  2   0  2  2  0  0  0/0    25:55   3:12   3:14 
Benoit Pouliot           0  0  0  -1  0   0  1  0  0  0  1/1    17:36   3:14   0:00 
Brad Richards            0  0  0  -1  0   0  0  0  0  0  2/3     6:39   0:00   0:00 
Cedric Paquette          0  0  0  -1  0   1  0  0  0  0  1/1     7:10   0:34   0:00 
Chris Tanev              0  0  0  -1  2   0  2  1  0  0  0/0    23:16   2:45   2:28 
Connor McDavid           0  0  0   0  0   2  1  0  0  0  11/19  19:39   3:14   0:00 
Craig Smith              0  0  0   0  0   0  2  0  0  0  1/1    16:25   0:00   0:00 
Fredrik Claesson         0  1  1   1  0   1  3  0  0  0  0/0    16:55   2:49   1:57 
Jaromir Jagr             0  0  0  -1  0   1  2  0  0  0  0/0    16:55   3:14   0:00 
Joel Edmundson           0  0  0   1  0   0  1  0  0  0  0/0    17:09   0:00   0:00 
Karl Alzner              0  0  0   0  0   0  2  1  0  0  0/0    14:41   0:00   2:06 
Kris Russell             0  0  0  -1  0   2  0  0  0  0  0/0    21:15   3:08   3:13 
Mark Letestu             0  0  0  -1  2   3  0  0  0  0  0/0     8:32   0:00   1:56 
Matt Calvert             2  0  2   2  0   2  0  0  0  0  2/6    15:17   0:00   4:22 
Mikael Backlund          0  1  1   2  0   1  1  0  0  0  8/23   17:12   2:43   3:37 
Sean Couturier           0  0  0  -1  0   0  1  0  0  0  15/23  18:31   2:43   2:07 
Tomas Tatar              0  0  0   0  2   2  1  0  0  0  0/1    18:33   2:09   0:00 
Tyler Ennis              0  1  1   2  0   0  0  0  0  0  2/3    10:52   0:00   0:00 

Players Stats for Penguins

Player Name              G  A  P  +/- PIM S  H  SB GA TA FO     MP     PP MP  PK MP  
------------------------------------------------------------------------------------
Alexander Wennberg       1  0  1   1  0   4  1  0  0  0  3/16   12:36   0:00   0:00 
Anze Kopitar             0  0  0  -1  0   3  0  0  0  0  17/27  17:47   2:49   0:00 
Brandon Saad             0  0  0   1  0   4  0  0  0  0  0/1    18:15   3:40   0:00 
David Perron             0  0  0  -1  0   1  1  0  0  0  1/1    14:58   0:00   0:00 
Dmitry Kulikov           0  1  1   0  0   0  3  1  0  0  0/0    14:08   0:00   0:00 
Gabriel Landeskog        1  1  2   1  0   3  2  1  0  0  0/0    20:20   3:40   2:05 
Jakub Voracek            0  2  2   1  0   2  1  0  0  0  0/0    15:25   2:49   0:00 
Luke Glendening          0  0  0  -1  0   0  2  0  0  0  2/9     8:51   0:00   3:26 
Mark Arcobello           0  0  0  -1  0   0  0  0  0  0  0/0     5:25   0:00   0:00 
Mark Giordano            0  1  1   0  0   3  4  0  0  0  0/0    23:37   3:26   2:54 
Matt Hunwick             0  1  1   0  4   1  2  0  0  0  0/0    20:17   3:03   1:07 
Mike Cammalleri          1  0  1  -1  0   6  0  0  0  0  1/2    21:31   2:49   3:44 
Nathan MacKinnon         1  0  1   1  0   2  0  0  0  0  14/24  18:15   3:40   0:00 
Oliver Bjorkstrand       0  0  0   1  0   0  2  0  0  0  0/0    13:10   0:00   0:34 
Pavel Zacha              0  0  0  -1  0   0  0  0  0  0  0/1     7:30   0:00   2:05 
Ryan Suter               0  1  1   0  0   2  1  1  0  0  0/0    22:52   3:03   3:40 
Seth Jones               0  0  0   0  0   0  1  4  0  0  0/0    16:22   0:00   2:14 
Victor Hedman            0  1  1   0  2   3  0  1  0  0  0/0    22:41   3:26   1:59 

3 Stars

1 - Matt Calvert (NYR)
2 - Gabriel Landeskog (PIT)
3 - Jakub Voracek (PIT)

Power Play

Rangers - 0 on 3 Attempt(s) - 0.00%
Penguins - 2 on 4 Attempt(s) - 50.00%

Penalty Kill

Rangers - 2 on 4 Attempt(s) - 50.00% - Score 0 goal in Penalty Kill
Penguins - 3 on 3 Attempt(s) - 100.00% - Score 0 goal in Penalty Kill

Team Stat

Rangers - Hits : 19 - Faceoff Wins : 43 - Blocked Shots : 4 - Penalty Minutes : 8
Penguins - Hits : 20 - Faceoff Wins : 38 - Blocked Shots : 8 - Penalty Minutes : 6

Official

Referees : Gord Dwyer and Kelly Sutherland
Linesman : Trent Knorr and Tim Nowak

Game Notes

Karl Alzner is injured at 17:08 of 2nd period (Sprained Left Knee)

Finance

Level 1 -- Attendance: 5533 (85.12%) -- Ticket Income $608,630
Level 2 -- Attendance: 4517 (90.34%) -- Ticket Income $361,360
Level 3 -- Attendance: 2558 (73.09%) -- Ticket Income $166,270
Level 4 -- Attendance: 1953 (81.82%) -- Ticket Income $97,650
Luxury Box -- Attendance: 1000 (100.00%) -- Ticket Income $190,000
Game was played at the Consol Energy Center.
Total Attendance: 15561 (84.63%)
Total Ticket Income: $1,423,910
Other Income: $213,586
Total Income: $1,637,496

% Time on Ice - Rangers

Lines # - Real PCT - Wanted PCT - Time Play
Normal Forward
1 - 35% - 40% - 16:25
2 - 29% - 30% - 13:41
3 - 23% - 20% - 10:52
4 - 14% - 10% - 6:36
Normal Defense
1 - 42% - 40% - 19:51
2 - 31% - 30% - 14:51
3 - 24% - 20% - 11:35
4 - 3% - 10% - 1:17
PP Forward
1 - 54% - 60% - 3:14
2 - 46% - 40% - 2:43
PP Defense
1 - 56% - 60% - 3:19
2 - 44% - 40% - 2:38
PK Forward
1 - 65% - 60% - 3:37
2 - 35% - 40% - 1:57
PK Defense
1 - 44% - 60% - 2:28
2 - 56% - 40% - 3:06
PK3 Forward
1 - 82% - 60% - 0:45
2 - 18% - 40% - 0:10
PK3 Defense
1 - 82% - 60% - 0:45
2 - 18% - 40% - 0:10
44 Forward
1 - 0% - 60%
2 - 0% - 40%
44 Defense
1 - 0% - 60%
2 - 0% - 40%
Last Minute Offensive  - 0:00
Last Minute Defensive  - 0:00
Total
Forward - 60:00
Defense - 60:00

% Time on Ice - Penguins

Lines # - Real PCT - Wanted PCT - Time Play
Normal Forward
1 - 31% - 34% - 14:58
2 - 31% - 32% - 14:35
3 - 26% - 23% - 12:36
4 - 11% - 11% - 5:25
Normal Defense
1 - 36% - 40% - 17:17
2 - 34% - 35% - 16:09
3 - 29% - 25% - 13:50
4 - 1% - 0% - 0:18
PP Forward
1 - 43% - 60% - 2:49
2 - 57% - 40% - 3:40
PP Defense
1 - 53% - 60% - 3:26
2 - 47% - 40% - 3:03
PK Forward
1 - 65% - 60% - 3:52
2 - 35% - 40% - 2:05
PK Defense
1 - 48% - 60% - 2:51
2 - 52% - 40% - 3:06
PK3 Forward
1 - 0% - 60%
2 - 0% - 40%
PK3 Defense
1 - 0% - 60%
2 - 0% - 40%
44 Forward
1 - 0% - 60%
2 - 0% - 40%
44 Defense
1 - 0% - 60%
2 - 0% - 40%
Last Minute Offensive  - 0:00
Last Minute Defensive  - 0:00
Total
Forward - 60:00
Defense - 60:00

Play by Play

1st period


0:01 of 1st period - David Perron wins face-off versus Connor McDavid in neutral zone.
0:11 of 1st period - Karl Alzner is hit by David Perron and loses puck.
0:56 of 1st period - Icing by Karl Alzner.
0:57 of 1st period - Connor McDavid wins face-off versus Alexander Wennberg in Rangers zone.
0:57 of 1st period - Connor McDavid is hit by Oliver Bjorkstrand.
1:21 of 1st period - Shot by Alexander Wennberg.
1:21 of 1st period - Stopped by Brian Elliott without a rebound.
1:22 of 1st period - Nathan MacKinnon wins face-off versus Sean Couturier in Rangers zone.
1:35 of 1st period - Shot by Nathan MacKinnon.
1:35 of 1st period - Stopped by Brian Elliott with a rebound.
2:04 of 1st period - Shot by Brandon Saad.
2:04 of 1st period - Shot Misses the Net.
2:06 of 1st period - Shot by Gabriel Landeskog.
2:06 of 1st period - Shot Misses the Net.
2:08 of 1st period - Shot by Brandon Saad.
2:08 of 1st period - Shot Misses the Net.
2:20 of 1st period - Luke Glendening is hit by Sean Couturier and loses puck.
2:39 of 1st period - Shot by Tyler Ennis.
2:39 of 1st period - Shot Blocked by Seth Jones.
2:41 of 1st period - Shot by Matt Calvert.
2:41 of 1st period - Goal by Matt Calvert - Rangers : 1 - Penguins : 0.
2:42 of 1st period - Alexander Wennberg wins face-off versus Brad Richards in neutral zone.
3:12 of 1st period - Shot by Alexander Wennberg.
3:12 of 1st period - Goal by Alexander Wennberg - Rangers : 1 - Penguins : 1.
3:13 of 1st period - Anze Kopitar wins face-off versus Mikael Backlund in neutral zone.
3:29 of 1st period - Shot by Anze Kopitar.
3:29 of 1st period - Shot Misses the Net.
3:44 of 1st period - Icing by Alex Goligoski.
3:45 of 1st period - Nathan MacKinnon wins face-off versus Mikael Backlund in Rangers zone.
3:45 of 1st period - Nathan MacKinnon is hit by Karl Alzner.
3:56 of 1st period - Nathan MacKinnon is hit by Karl Alzner and loses puck.
4:42 of 1st period - Icing by Kris Russell.
4:43 of 1st period - Connor McDavid wins face-off versus Anze Kopitar in Rangers zone.
5:24 of 1st period - Mike Cammalleri is hit by Fredrik Claesson and loses puck.
5:47 of 1st period - Shot by Alexander Wennberg.
5:47 of 1st period - Stopped by Brian Elliott without a rebound.
5:48 of 1st period - Cedric Paquette wins face-off versus Luke Glendening in Rangers zone.
5:48 of 1st period - Cedric Paquette is hit by Luke Glendening.
6:00 of 1st period - Shot by Mark Letestu.
6:00 of 1st period - Stopped by Louis Domingue without a rebound.
6:01 of 1st period - Tyler Ennis wins face-off versus Alexander Wennberg in Penguins zone.
6:32 of 1st period - Shot by Jakub Voracek.
6:32 of 1st period - Shot Hit the Post.
6:34 of 1st period - Shot by Matt Hunwick.
6:34 of 1st period - Shot Misses the Net.
6:36 of 1st period - Shot by Matt Hunwick.
6:36 of 1st period - Shot Misses the Net.
6:38 of 1st period - Shot by Matt Hunwick.
6:38 of 1st period - Stopped by Brian Elliott without a rebound.
6:39 of 1st period - Nathan MacKinnon wins face-off versus Sean Couturier in Rangers zone.
6:58 of 1st period - Shot by Jaromir Jagr.
6:58 of 1st period - Shot Misses the Net.
7:22 of 1st period - Shot by Jaromir Jagr.
7:22 of 1st period - Shot Blocked by Gabriel Landeskog.
7:47 of 1st period - Shot by Connor McDavid.
7:47 of 1st period - Shot Hit the Post.
9:11 of 1st period - Shot by Mike Cammalleri.
9:11 of 1st period - Stopped by Brian Elliott with a rebound.
9:54 of 1st period - Icing by Fredrik Claesson.
9:55 of 1st period - Tyler Ennis wins face-off versus Alexander Wennberg in Rangers zone.
10:15 of 1st period - Icing by Chris Tanev.
10:16 of 1st period - Connor McDavid wins face-off versus Pavel Zacha in Rangers zone.
10:40 of 1st period - Shot by Connor McDavid.
10:40 of 1st period - Shot Misses the Net.
10:42 of 1st period - Shot by Kris Russell.
10:42 of 1st period - Stopped by Louis Domingue without a rebound.
10:43 of 1st period - Anze Kopitar wins face-off versus Sean Couturier in Penguins zone.
11:41 of 1st period - Off-side.
11:42 of 1st period - Connor McDavid wins face-off versus Alexander Wennberg in neutral zone.
11:58 of 1st period - Minor Penalty to Chris Tanev for Holding.
11:59 of 1st period - Mikael Backlund wins face-off versus Nathan MacKinnon in Rangers zone.
12:16 of 1st period - Shot by Brandon Saad.
12:16 of 1st period - Stopped by Brian Elliott with a rebound.
12:18 of 1st period - Shot by Nathan MacKinnon.
12:18 of 1st period - Deflect By Brandon Saad.
12:18 of 1st period - Shot Blocked by Alex Goligoski.
12:24 of 1st period - Shot by Mark Giordano.
12:24 of 1st period - Stopped by Brian Elliott without a rebound.
12:25 of 1st period - Anze Kopitar wins face-off versus Mikael Backlund in Rangers zone.
12:34 of 1st period - Shot by Jakub Voracek.
12:34 of 1st period - Stopped by Brian Elliott with a rebound.
13:27 of 1st period - Gabriel Landeskog is hit by Fredrik Claesson and loses puck.
13:30 of 1st period - Shot by Nathan MacKinnon.
13:30 of 1st period - Deflect By Gabriel Landeskog.
13:30 of 1st period - Stopped by Brian Elliott without a rebound.
13:31 of 1st period - Nathan MacKinnon wins face-off versus Mikael Backlund in Rangers zone.
13:36 of 1st period - Shot by Brandon Saad.
13:36 of 1st period - Stopped by Brian Elliott without a rebound.
13:37 of 1st period - Nathan MacKinnon wins face-off versus Sean Couturier in Rangers zone.
14:15 of 1st period - Shot by Connor McDavid.
14:15 of 1st period - Stopped by Louis Domingue without a rebound.
14:16 of 1st period - Sean Couturier wins face-off versus Alexander Wennberg in Penguins zone.
14:16 of 1st period - Benoit Pouliot is hit by Matt Hunwick and loses puck.
14:58 of 1st period - Sean Couturier is hit by Oliver Bjorkstrand and loses puck.
15:35 of 1st period - Tomas Tatar is hit by Mark Giordano and loses puck.
15:41 of 1st period - Tomas Tatar is hit by Mark Giordano and loses puck.
15:47 of 1st period - Icing by Anze Kopitar.
15:48 of 1st period - Anze Kopitar wins face-off versus Mikael Backlund in Penguins zone.
15:57 of 1st period - Shot by Mike Cammalleri.
15:57 of 1st period - Shot Misses the Net.
16:17 of 1st period - Shot by Mikael Backlund.
16:17 of 1st period - Shot Misses the Net.
16:19 of 1st period - Shot by Matt Calvert.
16:19 of 1st period - Goal by Matt Calvert - Rangers : 2 - Penguins : 1.
16:20 of 1st period - Nathan MacKinnon wins face-off versus Connor McDavid in neutral zone.
16:44 of 1st period - Shot by Connor McDavid.
16:44 of 1st period - Shot Misses the Net.
17:52 of 1st period - Shot by Jaromir Jagr.
17:52 of 1st period - Shot Misses the Net.
18:35 of 1st period - Shot by Brad Richards.
18:35 of 1st period - Shot Misses the Net.
18:37 of 1st period - Shot by Mark Letestu.
18:37 of 1st period - Deflect By Cedric Paquette.
18:37 of 1st period - Stopped by Louis Domingue with a rebound.
18:43 of 1st period - Shot by Mark Letestu.
18:43 of 1st period - Shot Misses the Net.
19:00 of 1st period - Off-side.
19:01 of 1st period - Nathan MacKinnon wins face-off versus Mikael Backlund in neutral zone.
19:18 of 1st period - Shot by Gabriel Landeskog.
19:18 of 1st period - Shot Misses the Net.
19:20 of 1st period - Shot by Victor Hedman.
19:20 of 1st period - Stopped by Brian Elliott with a rebound.
Goals for this period are 2 for Rangers vs 1 for Penguins.
Shots for this period are 6 for Rangers vs 12 for Penguins.

2nd period


0:01 of 2nd period - Anze Kopitar wins face-off versus Connor McDavid in neutral zone.
0:10 of 2nd period - Mark Giordano is hit by Craig Smith and loses puck.
0:16 of 2nd period - Minor Penalty to Tomas Tatar for Hooking.
0:17 of 2nd period - Mikael Backlund wins face-off versus Nathan MacKinnon in Rangers zone.
0:27 of 2nd period - Icing by Nathan MacKinnon.
0:28 of 2nd period - Nathan MacKinnon wins face-off versus Mikael Backlund in Penguins zone.
0:57 of 2nd period - Shot by Gabriel Landeskog.
0:57 of 2nd period - Shot Blocked by Chris Tanev.
2:03 of 2nd period - Shot by Mike Cammalleri.
2:03 of 2nd period - Goal by Mike Cammalleri - Rangers : 2 - Penguins : 2.
2:04 of 2nd period - Luke Glendening wins face-off versus Connor McDavid in neutral zone.
2:04 of 2nd period - Mark Arcobello is hit by Craig Smith and loses puck.
2:08 of 2nd period - Dmitry Kulikov is hit by Joel Edmundson and loses puck.
3:28 of 2nd period - Gabriel Landeskog is hit by Alex Goligoski and loses puck.
4:07 of 2nd period - Shot by Anze Kopitar.
4:07 of 2nd period - Shot Hit the Post.
4:25 of 2nd period - Mike Cammalleri is hit by Jaromir Jagr and loses puck.
5:02 of 2nd period - Shot by Brad Richards.
5:02 of 2nd period - Shot Hit the Post.
5:04 of 2nd period - Shot by Fredrik Claesson.
5:04 of 2nd period - Stopped by Louis Domingue without a rebound.
5:05 of 2nd period - Craig Smith wins face-off versus Luke Glendening in Penguins zone.
6:05 of 2nd period - Icing by Dmitry Kulikov.
6:06 of 2nd period - Sean Couturier wins face-off versus Nathan MacKinnon in Penguins zone.
6:06 of 2nd period - Jaromir Jagr is hit by Dmitry Kulikov and loses puck.
6:35 of 2nd period - Shot by Brandon Saad.
6:35 of 2nd period - Shot Misses the Net.
6:41 of 2nd period - Shot by Nathan MacKinnon.
6:41 of 2nd period - Goal by Nathan MacKinnon - Rangers : 2 - Penguins : 3.
6:42 of 2nd period - Anze Kopitar wins face-off versus Mikael Backlund in neutral zone.
6:46 of 2nd period - Mark Giordano is hit by Mikael Backlund and loses puck.
6:50 of 2nd period - Off-side.
6:51 of 2nd period - Anze Kopitar wins face-off versus Connor McDavid in neutral zone.
7:14 of 2nd period - Shot by Connor McDavid.
7:14 of 2nd period - Shot Blocked by Victor Hedman.
7:39 of 2nd period - Icing by Mark Giordano.
7:40 of 2nd period - Sean Couturier wins face-off versus Anze Kopitar in Penguins zone.
7:41 of 2nd period - Shot by Jaromir Jagr.
7:41 of 2nd period - Stopped by Louis Domingue without a rebound.
7:42 of 2nd period - Sean Couturier wins face-off versus Nathan MacKinnon in Penguins zone.
9:18 of 2nd period - Shot by Connor McDavid.
9:18 of 2nd period - Shot Misses the Net.
9:20 of 2nd period - Shot by Alex Goligoski.
9:20 of 2nd period - Deflect By Tomas Tatar.
9:20 of 2nd period - Stopped by Louis Domingue without a rebound.
9:21 of 2nd period - Anze Kopitar wins face-off versus Mikael Backlund in Penguins zone.
9:32 of 2nd period - Icing by Tyler Ennis.
9:33 of 2nd period - Luke Glendening wins face-off versus Mikael Backlund in Rangers zone.
10:15 of 2nd period - Shot by Luke Glendening.
10:15 of 2nd period - Shot Misses the Net.
10:33 of 2nd period - Shot by Connor McDavid.
10:33 of 2nd period - Shot Misses the Net.
10:35 of 2nd period - Shot by Karl Alzner.
10:35 of 2nd period - Shot Blocked by Ryan Suter.
11:00 of 2nd period - Craig Smith is hit by Matt Hunwick and loses puck.
11:05 of 2nd period - Shot by Connor McDavid.
11:05 of 2nd period - Shot Misses the Net.
12:35 of 2nd period - Shot by Brandon Saad.
12:35 of 2nd period - Stopped by Brian Elliott without a rebound.
12:36 of 2nd period - Mikael Backlund wins face-off versus Alexander Wennberg in Rangers zone.
12:42 of 2nd period - Icing by Karl Alzner.
12:43 of 2nd period - Alexander Wennberg wins face-off versus Mikael Backlund in Rangers zone.
12:43 of 2nd period - Victor Hedman is hit by Alex Goligoski and loses puck.
12:59 of 2nd period - Icing by Victor Hedman.
13:00 of 2nd period - Connor McDavid wins face-off versus Alexander Wennberg in Penguins zone.
13:15 of 2nd period - Shot by Tomas Tatar.
13:15 of 2nd period - Stopped by Louis Domingue without a rebound.
13:16 of 2nd period - Anze Kopitar wins face-off versus Sean Couturier in Penguins zone.
13:18 of 2nd period - Icing by Mike Cammalleri.
13:19 of 2nd period - Anze Kopitar wins face-off versus Connor McDavid in Penguins zone.
13:19 of 2nd period - Anze Kopitar is hit by Tomas Tatar.
13:37 of 2nd period - Shot by Anze Kopitar.
13:37 of 2nd period - Shot Misses the Net.
13:47 of 2nd period - Shot by Tomas Tatar.
13:47 of 2nd period - Shot Blocked by Seth Jones.
14:10 of 2nd period - Icing by Karl Alzner.
14:11 of 2nd period - Connor McDavid wins face-off versus Nathan MacKinnon in Rangers zone.
14:13 of 2nd period - Icing by Karl Alzner.
14:14 of 2nd period - Connor McDavid wins face-off versus Nathan MacKinnon in Rangers zone.
14:23 of 2nd period - Victor Hedman is hit by Connor McDavid and loses puck.
14:27 of 2nd period - Icing by Victor Hedman.
14:28 of 2nd period - Sean Couturier wins face-off versus Nathan MacKinnon in Penguins zone.
14:38 of 2nd period - Gabriel Landeskog is hit by Chris Tanev and loses puck.
15:01 of 2nd period - Shot by Gabriel Landeskog.
15:01 of 2nd period - Stopped by Brian Elliott without a rebound.
15:02 of 2nd period - Anze Kopitar wins face-off versus Mikael Backlund in Rangers zone.
15:09 of 2nd period - Shot by David Perron.
15:09 of 2nd period - Stopped by Brian Elliott without a rebound.
15:10 of 2nd period - Mikael Backlund wins face-off versus Mike Cammalleri in Rangers zone.
15:32 of 2nd period - Minor Penalty to Alex Goligoski for Holding.
15:33 of 2nd period - Mikael Backlund wins face-off versus Nathan MacKinnon in Rangers zone.
16:33 of 2nd period - Icing by Anze Kopitar.
16:34 of 2nd period - Sean Couturier wins face-off versus Anze Kopitar in Penguins zone.
16:36 of 2nd period - Minor Penalty to Mark Letestu for High sticking.
16:37 of 2nd period - Matt Calvert wins face-off versus Anze Kopitar in Rangers zone.
16:58 of 2nd period - Shot by Ryan Suter.
16:58 of 2nd period - Stopped by Brian Elliott without a rebound.
16:59 of 2nd period - Nathan MacKinnon wins face-off versus Sean Couturier in Rangers zone.
17:02 of 2nd period - Shot by Brandon Saad.
17:02 of 2nd period - Stopped by Brian Elliott without a rebound.
17:03 of 2nd period - Anze Kopitar wins face-off versus Matt Calvert in Rangers zone.
17:06 of 2nd period - Shot by Mike Cammalleri.
17:06 of 2nd period - Stopped by Brian Elliott with a rebound.
17:08 of 2nd period - Shot by Victor Hedman.
17:08 of 2nd period - Shot Blocked by Karl Alzner.
17:08 of 2nd period - Karl Alzner from Rangers is injured at 17:08 of 2nd period (Sprained Left Knee).
17:09 of 2nd period - Anze Kopitar wins face-off versus Matt Calvert in Rangers zone.
17:12 of 2nd period - Shot by Victor Hedman.
17:12 of 2nd period - Shot Misses the Net.
17:14 of 2nd period - Shot by Mark Giordano.
17:14 of 2nd period - Stopped by Brian Elliott without a rebound.
17:15 of 2nd period - Mike Cammalleri wins face-off versus Matt Calvert in Rangers zone.
17:25 of 2nd period - Off-side.
17:26 of 2nd period - Anze Kopitar wins face-off versus Matt Calvert in neutral zone.
17:43 of 2nd period - Shot by Victor Hedman.
17:43 of 2nd period - Stopped by Brian Elliott without a rebound.
17:44 of 2nd period - Nathan MacKinnon wins face-off versus Mikael Backlund in Rangers zone.
17:55 of 2nd period - Icing by Matt Hunwick.
17:56 of 2nd period - Matt Calvert wins face-off versus Nathan MacKinnon in Penguins zone.
18:13 of 2nd period - Shot by Ryan Suter.
18:13 of 2nd period - Stopped by Brian Elliott with a rebound.
18:15 of 2nd period - Shot by Gabriel Landeskog.
18:15 of 2nd period - Goal by Gabriel Landeskog - Rangers : 2 - Penguins : 4.
18:16 of 2nd period - Anze Kopitar wins face-off versus Connor McDavid in neutral zone.
18:21 of 2nd period - Shot by Mike Cammalleri.
18:21 of 2nd period - Stopped by Brian Elliott with a rebound.
18:23 of 2nd period - Shot by Anze Kopitar.
18:23 of 2nd period - Shot Misses the Net.
18:25 of 2nd period - Shot by Mark Giordano.
18:25 of 2nd period - Shot Misses the Net.
18:27 of 2nd period - Shot by David Perron.
18:27 of 2nd period - Deflect By Mike Cammalleri.
18:27 of 2nd period - Shot Misses the Net.
18:29 of 2nd period - Shot by Victor Hedman.
18:29 of 2nd period - Stopped by Brian Elliott without a rebound.
18:30 of 2nd period - Nathan MacKinnon wins face-off versus Sean Couturier in Rangers zone.
18:39 of 2nd period - Matt Hunwick is hit by Jaromir Jagr and loses puck.
19:10 of 2nd period - Jaromir Jagr is hit by Gabriel Landeskog and loses puck.
19:43 of 2nd period - Shot by Anze Kopitar.
19:43 of 2nd period - Stopped by Brian Elliott with a rebound.
19:45 of 2nd period - Shot by Mark Giordano.
19:45 of 2nd period - Stopped by Brian Elliott without a rebound.
19:46 of 2nd period - Alexander Wennberg wins face-off versus Connor McDavid in Rangers zone.
19:46 of 2nd period - Alexander Wennberg is hit by Chris Tanev.
19:56 of 2nd period - Shot by Tomas Tatar.
19:56 of 2nd period - Shot Blocked by Seth Jones.
Goals for this period are 0 for Rangers vs 3 for Penguins.
Shots for this period are 4 for Rangers vs 16 for Penguins.

3rd period


0:01 of 3rd period - Connor McDavid wins face-off versus Anze Kopitar in neutral zone.
0:35 of 3rd period - Tomas Tatar is hit by Mark Giordano and loses puck.
0:41 of 3rd period - Icing by Mike Cammalleri.
0:42 of 3rd period - Sean Couturier wins face-off versus Anze Kopitar in Penguins zone.
0:42 of 3rd period - Sean Couturier is hit by Mark Giordano.
1:03 of 3rd period - Icing by Chris Tanev.
1:04 of 3rd period - Sean Couturier wins face-off versus Brandon Saad in Rangers zone.
1:04 of 3rd period - Sean Couturier is hit by Gabriel Landeskog.
1:31 of 3rd period - Icing by Jaromir Jagr.
1:32 of 3rd period - Sean Couturier wins face-off versus Alexander Wennberg in Rangers zone.
2:30 of 3rd period - Icing by Alexander Wennberg.
2:31 of 3rd period - Mikael Backlund wins face-off versus Alexander Wennberg in Penguins zone.
2:42 of 3rd period - Shot by Mikael Backlund.
2:42 of 3rd period - Stopped by Louis Domingue without a rebound.
2:43 of 3rd period - Brad Richards wins face-off versus Anze Kopitar in Penguins zone.
3:19 of 3rd period - Shot by David Perron.
3:19 of 3rd period - Shot Misses the Net.
3:21 of 3rd period - Shot by Anze Kopitar.
3:21 of 3rd period - Stopped by Brian Elliott without a rebound.
3:22 of 3rd period - Nathan MacKinnon wins face-off versus Tomas Tatar in Rangers zone.
3:38 of 3rd period - Shot by Tomas Tatar.
3:38 of 3rd period - Shot Misses the Net.
3:40 of 3rd period - Shot by Craig Smith.
3:40 of 3rd period - Shot Misses the Net.
4:40 of 3rd period - Shot by Jakub Voracek.
4:40 of 3rd period - Stopped by Brian Elliott without a rebound.
4:41 of 3rd period - Anze Kopitar wins face-off versus Mikael Backlund in Rangers zone.
4:42 of 3rd period - Shot by Mike Cammalleri.
4:42 of 3rd period - Shot Misses the Net.
4:44 of 3rd period - Shot by Mike Cammalleri.
4:44 of 3rd period - Stopped by Brian Elliott without a rebound.
4:45 of 3rd period - Mikael Backlund wins face-off versus Anze Kopitar in Rangers zone.
5:11 of 3rd period - Shot by Anze Kopitar.
5:11 of 3rd period - Shot Misses the Net.
5:13 of 3rd period - Shot by Anze Kopitar.
5:13 of 3rd period - Deflect By Mike Cammalleri.
5:13 of 3rd period - Shot Blocked by Alex Goligoski.
5:22 of 3rd period - Icing by Alex Goligoski.
5:23 of 3rd period - Mikael Backlund wins face-off versus Nathan MacKinnon in Rangers zone.
5:51 of 3rd period - Shot by Connor McDavid.
5:51 of 3rd period - Shot Misses the Net.
5:55 of 3rd period - Shot by Connor McDavid.
5:55 of 3rd period - Stopped by Louis Domingue without a rebound.
5:56 of 3rd period - Sean Couturier wins face-off versus Alexander Wennberg in Penguins zone.
6:05 of 3rd period - Minor Penalty to Victor Hedman for Tripping.
6:06 of 3rd period - Connor McDavid wins face-off versus Luke Glendening in Penguins zone.
6:06 of 3rd period - Connor McDavid is hit by Ryan Suter.
6:23 of 3rd period - Shot by Kris Russell.
6:23 of 3rd period - Stopped by Louis Domingue without a rebound.
6:24 of 3rd period - Sean Couturier wins face-off versus Luke Glendening in Penguins zone.
7:35 of 3rd period - Shot by Jaromir Jagr.
7:35 of 3rd period - Shot Misses the Net.
7:56 of 3rd period - Icing by Jaromir Jagr.
7:57 of 3rd period - Benoit Pouliot wins face-off versus Luke Glendening in Rangers zone.
7:57 of 3rd period - Benoit Pouliot is hit by Luke Glendening.
8:16 of 3rd period - Mark Letestu is hit by Dmitry Kulikov and loses puck.
8:31 of 3rd period - Shot by Mark Letestu.
8:31 of 3rd period - Shot Misses the Net.
8:33 of 3rd period - Shot by Cedric Paquette.
8:33 of 3rd period - Shot Misses the Net.
8:37 of 3rd period - Shot by Mark Letestu.
8:37 of 3rd period - Stopped by Louis Domingue with a rebound.
8:45 of 3rd period - Shot by Mark Letestu.
8:45 of 3rd period - Stopped by Louis Domingue without a rebound.
8:46 of 3rd period - Nathan MacKinnon wins face-off versus Tyler Ennis in Penguins zone.
8:55 of 3rd period - Shot by Gabriel Landeskog.
8:55 of 3rd period - Deflect By Brandon Saad.
8:55 of 3rd period - Shot Misses the Net.
8:57 of 3rd period - Shot by Brandon Saad.
8:57 of 3rd period - Shot Misses the Net.
9:43 of 3rd period - Shot by Mike Cammalleri.
9:43 of 3rd period - Stopped by Brian Elliott without a rebound.
9:44 of 3rd period - Connor McDavid wins face-off versus Alexander Wennberg in Rangers zone.
9:44 of 3rd period - Connor McDavid is hit by Alexander Wennberg.
10:21 of 3rd period - Off-side.
10:22 of 3rd period - Sean Couturier wins face-off versus Anze Kopitar in neutral zone.
10:32 of 3rd period - Minor Penalty to Matt Hunwick for Hooking.
10:33 of 3rd period - Connor McDavid wins face-off versus Luke Glendening in Penguins zone.
12:48 of 3rd period - Shot by Jakub Voracek.
12:48 of 3rd period - Deflect By Alexander Wennberg.
12:48 of 3rd period - Stopped by Brian Elliott without a rebound.
12:49 of 3rd period - Anze Kopitar wins face-off versus Mikael Backlund in Rangers zone.
12:58 of 3rd period - Shot by Mikael Backlund.
12:58 of 3rd period - Shot Misses the Net.
13:12 of 3rd period - Shot by Anze Kopitar.
13:12 of 3rd period - Stopped by Brian Elliott with a rebound.
13:41 of 3rd period - Alex Goligoski is hit by Seth Jones and loses puck.
13:45 of 3rd period - Icing by Seth Jones.
13:46 of 3rd period - Sean Couturier wins face-off versus Alexander Wennberg in Penguins zone.
13:52 of 3rd period - Jaromir Jagr is hit by Dmitry Kulikov and loses puck.
13:59 of 3rd period - Shot by Jaromir Jagr.
13:59 of 3rd period - Deflect By Sean Couturier.
13:59 of 3rd period - Shot Misses the Net.
14:01 of 3rd period - Shot by Sean Couturier.
14:01 of 3rd period - Shot Blocked by Dmitry Kulikov.
14:30 of 3rd period - Icing by Kris Russell.
14:31 of 3rd period - Nathan MacKinnon wins face-off versus Sean Couturier in Rangers zone.
14:42 of 3rd period - Mark Giordano is hit by Benoit Pouliot and loses puck.
15:32 of 3rd period - Minor Penalty to Matt Hunwick for Slashing.
15:33 of 3rd period - Sean Couturier wins face-off versus Luke Glendening in Penguins zone.
15:38 of 3rd period - Shot by Chris Tanev.
15:38 of 3rd period - Shot Blocked by Seth Jones.
16:26 of 3rd period - Shot by Jaromir Jagr.
16:26 of 3rd period - Shot Misses the Net.
17:40 of 3rd period - Shot by Cedric Paquette.
17:40 of 3rd period - Shot Misses the Net.
19:02 of 3rd period - Anze Kopitar is hit by Fredrik Claesson and loses puck.
19:28 of 3rd period - Icing by Dmitry Kulikov.
19:29 of 3rd period - Sean Couturier wins face-off versus Anze Kopitar in Penguins zone.
19:44 of 3rd period - Off-side.
19:45 of 3rd period - Brad Richards wins face-off versus Alexander Wennberg in neutral zone.
19:45 of 3rd period - Brad Richards is hit by Jakub Voracek.
Goals for this period are 0 for Rangers vs 0 for Penguins.
Shots for this period are 5 for Rangers vs 6 for Penguins.